[Event "Chinese League Division-A 2024"]
[Site "Fuling Chongqing"]
[Date "2024.06.27"]
[Round "2.25"]
[White "Zhou, Shumeng"]
[Black "Hu, Yu A."]
[Result "1/2-1/2"]
[ECO "B67"]
[WhiteElo "2173"]
[BlackElo "2127"]
[Annotator "RC"]
[PlyCount "66"]
[EventDate "2024.06.28"]
[EventType "team-tourn"]
[EventCountry "CHN"]
[SourceTitle "playchess.com"]
[Source "ChessBase"]
[SourceQuality "1"]
[TimeControl "40/5400+30:1800+30"]

1. e4 c5 2. Nf3 d6 3. d4 cxd4 4. Nxd4 Nf6 5. Nc3 Nc6 6. Bg5 e6 7. Qd2 a6 8. O-O-O Bd7 9. f4 h6 10. Bh4 Be7 11. Nf3 Qc7 12. Bxf6 Bxf6 13. Qxd6 Qxd6 14. Rxd6 g5 15. g3 g4 16. Ne1 Bd4 17. Ne2 Be3+ 18. Kb1 Ke7 19. Rd1 Rad8 20. Bg2 Na5 21. Nd3 Nc4 22. b3 Nd2+ 23. Kb2 Nf3 24. h3 h5 25. Rhf1 Nh2 26. Rfe1 gxh3 27. Bxh3 Nf3 28. Rh1 Bc6 29. Bg2 Bxe4 30. Ne5 Nd2 31. Bxe4 Nxe4 32. Rxd8 Rxd8 33. Nd3 Rg8 1/2-1/2

[Event "Chinese League Division-A 2024"]
[Site "Fuling Chongqing"]
[Date "2024.06.27"]
[Round "2.26"]
[White "Wan, Yunguo"]
[Black "Xu, Yi"]
[Result "1/2-1/2"]
[ECO "C24"]
[WhiteElo "2498"]
[BlackElo "2496"]
[Annotator "TA"]
[PlyCount "43"]
[EventDate "2024.06.28"]
[EventType "team-tourn"]
[EventCountry "CHN"]
[SourceTitle "playchess.com"]
[Source "ChessBase"]
[SourceQuality "1"]
[TimeControl "40/5400+30:1800+30"]

1. e4 e5 2. Bc4 Nf6 3. d3 c6 4. Nf3 d5 5. Bb3 a5 {[%emt 0:00:15] [#] aiming for ...a4.} 6. a4 Bb4+ 7. c3 Bd6 8. exd5 cxd5 9. Bg5 Be6 10. Na3 Nbd7 11. Nb5 Bb8 12. O-O O-O 13. h3 h6 14. Bh4 Ra6 15. Re1 Re8 16. Qd2 Nc5 17. Bc2 Ncd7 18. Rad1 Bf5 19. Bb3 (19. Bg3 $11) 19... Nc5 (19... Qc8 $1 $15 20. Bg3 Bg6) 20. Bc2 $11 Ncd7 (20... Qc8 $11) 21. Bb3 $15 Nc5 ({Black should try} 21... Qc8 $1 $15 22. Bg3 Bg6) 22. Bc2 {[%emt 0:00:12] A rather calm draw.   Weighted Error Value: White=0.08 (flawless) /Black=0.10 (very precise) .  Mistake:       	White=1     	Black=3      OK:         	White=9     	Black=8      Best:        	White=2     	---} 1/2-1/2

[Event "Chinese League Division-A 2024"]
[Site "Fuling Chongqing"]
[Date "2024.06.27"]
[Round "2.27"]
[White "Lou, Yiping"]
[Black "Peng, Xiongjian"]
[Result "1/2-1/2"]
[ECO "E38"]
[WhiteElo "2442"]
[BlackElo "2521"]
[Annotator "TA"]
[PlyCount "69"]
[EventDate "2024.06.28"]
[EventType "team-tourn"]
[EventCountry "CHN"]
[SourceTitle "playchess.com"]
[Source "ChessBase"]
[SourceQuality "1"]
[TimeControl "40/5400+30:1800+30"]

1. d4 Nf6 2. c4 e6 3. Nc3 Bb4 4. Qc2 c5 5. dxc5 Bxc5 6. Nf3 Nc6 7. e3 d5 8. a3 Bd6 9. b4 {[%emt 0:08:06][%cal Bb2b4,Bb4b5][%mdl 32] White has an edge.} a5 10. b5 $1 Ne5 11. Nxe5 Bxe5 12. Bb2 dxc4 13. Na4 c3 14. Bxc3 Qc7 15. Rc1 {[%emt 0:05:20] [#] Hoping for Bxe5.} Bd7 16. Bxe5 Qxe5 17. Nb6 {[%emt 0:00:06] Inhibits Rc8.} Rd8 18. Qc5 Qxc5 19. Rxc5 Nd5 20. Nxd5 exd5 21. Rxd5 Ke7 $1 22. Rd4 (22. Be2 $14) 22... Be6 $11 23. Kd2 Rxd4+ 24. exd4 {[%emt 0:00:04][%mdl 4096] Endgame. KRB-KRB} Rd8 25. Ke3 Rc8 26. Kd2 {[%emt 0:00:11] Prevents Rc1.} Rd8 27. Ke3 Rc8 28. Kd2 {[%emt 0:00:04] Prevents Rc1.} Kd6 29. Be2 Kd5 30. Bf3+ Kxd4 31. Bxb7 Rc3 32. Rb1 Rd3+ 33. Ke1 {[%emt 0:02:35] [#] Bf3 is the strong threat.} Kc5 (33... Rxa3 $2 34. b6 $18) ({Better is} 33... Rb3 $1 $11 34. Rxb3 Bxb3) 34. b6 {[%emt 0:02:59] Strongly threatening Bf3.} Rb3 (34... Rxa3 $2 {perishes.} 35. Be4 Bc8 (35... Ra4 $2 36. Bc2 $18) 36. b7 (36. Bxh7 Bb7 $11) 36... Bxb7 37. Rxb7 $18) 35. Rxb3 {[%emt 0:02:13] Weighted Error Value: White=0.07 (flawless) /Black=0.07 (flawless) .  Mistake:       	White=1     	Black=1      Inaccurate:     	White=3     	Black=3      OK:         	White=18    	Black=12     Best:        	---       	Black=1      Strong:       	White=1     	Black=1} 1/2-1/2

[Event "Chinese League Division-A 2024"]
[Site "Fuling Chongqing"]
[Date "2024.06.27"]
[Round "2.28"]
[White "Cao, Qingfeng"]
[Black "Gong, Sunle"]
[Result "1-0"]
[ECO "E11"]
[WhiteElo "2189"]
[BlackElo "2239"]
[Annotator "RC"]
[PlyCount "81"]
[EventDate "2024.06.28"]
[EventType "team-tourn"]
[EventCountry "CHN"]
[SourceTitle "playchess.com"]
[Source "ChessBase"]
[SourceQuality "1"]
[TimeControl "40/5400+30:1800+30"]

1. d4 d5 2. c4 e6 3. Nf3 Nf6 4. g3 Bb4+ 5. Bd2 Be7 6. Bg2 O-O 7. O-O Nbd7 8. Bc3 dxc4 9. Nbd2 b5 10. Ne5 Nd5 11. Nc6 Qe8 12. a4 Bb7 13. Nxe7+ Qxe7 14. axb5 N7b6 15. Ba5 Qd7 16. e4 Ne7 17. Bc3 Qxb5 18. Qg4 Na4 19. Qe2 c5 20. Qxc4 Bc6 21. Rfc1 Nxc3 22. bxc3 Qxc4 23. Nxc4 cxd4 24. cxd4 f5 25. d5 exd5 26. Ne5 Rfc8 27. Nxc6 Rxc6 28. Rxc6 Nxc6 29. exd5 Nb4 30. Ra5 g6 31. Kf1 a6 32. Ke2 Rc8 33. Ke3 Kf7 34. Bf1 Rd8 35. Bc4 Ke7 36. Kd2 Nc6 37. Rxa6 Nb4 38. Re6+ Kf8 39. d6 Rc8 40. d7 Rd8 41. Bb5 1-0

[Event "Chinese League Division-A 2024"]
[Site "Fuling Chongqing"]
[Date "2024.06.27"]
[Round "2.29"]
[White "Ju, Wenjun"]
[Black "Sun, Fanghui"]
[Result "1-0"]
[ECO "B72"]
[WhiteElo "2558"]
[BlackElo "2115"]
[Annotator "TA"]
[PlyCount "59"]
[EventDate "2024.06.28"]
[EventType "team-tourn"]
[EventCountry "CHN"]
[SourceTitle "playchess.com"]
[Source "ChessBase"]
[SourceQuality "1"]
[TimeControl "40/5400+30:1800+30"]

1. e4 c5 2. Nf3 d6 3. d4 cxd4 4. Nxd4 Nf6 5. Nc3 a6 6. Bd3 g6 7. f3 Bg7 8. Be3 Nc6 9. Qd2 O-O 10. O-O-O d5 {[%emt 0:05:58] The position is equal.} 11. Nxc6 bxc6 12. Bh6 dxe4 13. Bxg7 (13. fxe4 $6 Bxh6 14. Qxh6 Qa5 $11) (13. Nxe4 {simplifies} Nxe4 14. Bxe4 Qxd2+ 15. Bxd2 Be6 16. Bxc6 Rac8 17. Ba4) 13... Kxg7 14. Bxe4 Qa5 (14... Qc7 $14) 15. Bxc6 $16 Rb8 {[%emt 0:00:06] [#] Hoping for ...Qb6.} 16. Ba4 Bf5 17. g4 Be6 18. Bb3 Rfc8 (18... Bxb3 $142 19. cxb3 (19. axb3 Qa1+ 20. Nb1 Rxb3 $11) 19... Rfd8) 19. Kb1 ({Don't take} 19. g5 Bxb3 20. gxf6+ (20. axb3 Qa1+ 21. Nb1 Nh5 $16) (20. cxb3 Qxa2 21. gxf6+ exf6 $14) 20... exf6 21. cxb3 (21. axb3 $2 Qa1+ 22. Nb1 Rxb3 $19) 21... Qxa2 $14) 19... Ne8 20. Bxe6 fxe6 (20... Qxc3 $16 21. Bb3 (21. Bxc8 $2 Qxb2#) 21... Qxd2 22. Rxd2 Nd6) 21. Ne4 $18 Qa3 {[%emt 0:04:25][%csl Gb8][%cal Ra3b2] [#]} 22. Qd4+ Kg8 23. Rd3 Qa5 24. Rb3 Qc7 25. Rc3 {[%emt 0:03:08] Active counter play!} Qb7 26. Rxc8 Rxc8 {[%emt 0:00:05] Black is weak on the dark squares} 27. Rd1 Rb8 (27... Qc6 $142 28. Qd3 Nd6 29. Nxd6 Rd8) 28. Qe5 Ng7 29. Nc5 Qc8 30. Rd7 {[%emt 0:01:14] Weighted Error Value: White=0.09 (flawless) /Black=0.32.  Mistake:       	---       	Black=4      Inaccurate:     	White=2     	Black=4      OK:         	White=12    	Black=3      Best:        	White=1     	---} 1-0

[Event "Chinese League Division-A 2024"]
[Site "Fuling Chongqing"]
[Date "2024.06.27"]
[Round "2.30"]
[White "Zhang, Lanlin"]
[Black "Ni, Shiqun"]
[Result "1-0"]
[ECO "B17"]
[WhiteElo "2161"]
[BlackElo "2352"]
[Annotator "RC"]
[PlyCount "107"]
[EventDate "2024.06.28"]
[EventType "team-tourn"]
[EventCountry "CHN"]
[SourceTitle "playchess.com"]
[Source "ChessBase"]
[SourceQuality "1"]
[TimeControl "40/5400+30:1800+30"]

1. e4 c6 2. d4 d5 3. Nc3 dxe4 4. Nxe4 Nd7 5. Nf3 Ngf6 6. Bd3 Nxe4 7. Bxe4 Nf6 8. Bd3 Bg4 9. c3 Qd5 10. Be2 e6 11. h3 Bh5 12. O-O Be7 13. Ne5 Bxe2 14. Qxe2 O-O 15. Be3 Rfd8 16. Rfd1 h6 17. a4 a5 18. Nc4 Qe4 19. Rd3 Nd5 20. Re1 Bd6 21. Qd1 Qf5 22. Nxd6 Rxd6 23. Bc1 Rad8 24. Rg3 Kh8 25. Re5 Qh7 26. Qh5 R6d7 27. Kh2 Nf6 28. Qf3 Rd5 29. Bf4 R8d7 30. Qe2 Rd8 31. Rf3 R8d7 32. Bg3 Qb1 33. Bh4 Rxe5 34. Qxe5 Ne4 35. Rf4 Nd6 36. Rg4 f5 37. Rg6 Qe4 38. Rxh6+ Kg8 39. Qxe6+ Qxe6 40. Rxe6 Nc4 41. b3 Nd2 42. Re5 Nxb3 43. Rxf5 Rd5 44. Rxd5 cxd5 45. Bd8 Kf7 46. Bb6 Ke6 47. g4 Kd6 48. g5 Kc6 49. Bd8 Kd7 50. Bb6 Kc6 51. f4 Kxb6 52. f5 Nd2 53. f6 Nf3+ 54. Kh1 1-0

[Event "Chinese League Division-A 2024"]
[Site "Fuling Chongqing"]
[Date "2024.06.28"]
[Round "3.1"]
[White "Xu, Yi"]
[Black "Li, Chao b"]
[Result "1/2-1/2"]
[ECO "B52"]
[WhiteElo "2496"]
[BlackElo "2645"]
[Annotator "TA"]
[PlyCount "69"]
[EventDate "2024.06.28"]
[EventType "team-tourn"]
[EventCountry "CHN"]
[SourceTitle "playchess.com"]
[Source "ChessBase"]
[SourceQuality "1"]
[TimeControl "40/5400+30:1800+30"]

1. e4 c5 2. Nf3 d6 3. Bb5+ Bd7 4. Bxd7+ Qxd7 5. c4 Nf6 6. Nc3 g6 7. d4 cxd4 8. Nxd4 Bg7 9. O-O O-O 10. f3 Rc8 {[%emt 0:01:42] The position is equal.} 11. b3 d5 12. exd5 Nxd5 13. Nxd5 e6 14. Bh6 {[%emt 0:05:28] [#] Strongly threatening Bxg7.} exd5 15. Bxg7 Kxg7 16. Nb5 {[%emt 0:03:51] Black must now prevent Qd4+.} dxc4 17. Nd6 Rd8 18. Nxb7 Qxd1 19. Rfxd1 (19. Raxd1 Rxd1 20. Rxd1 cxb3) 19... Rxd1+ 20. Rxd1 cxb3 21. axb3 $11 {[%emt 0:00:00][%mdl 4096] Endgame. KRN-KRN} Nc6 {[%emt 0:00:07] Repels Rd8} 22. Rd6 Rb8 23. Rxc6 Rxb7 {[%emt 0:00:03] KR-KR} 24. Ra6 Rxb3 25. Rxa7 h5 26. Kf2 h4 27. Ra4 Rb2+ 28. Kg1 Rb1+ 29. Kf2 g5 30. Rg4 Kg6 31. f4 Rb2+ 32. Kg1 Rb1+ 33. Kf2 Rb2+ 34. Kg1 Rb1+ 35. Kf2 {[%emt 0:00:05] A balanced but interesting game.   Weighted Error Value: White=0.03 (flawless) /Black=0.00 (flawless) .  OK:         	White=15    	Black=12     Best:        	---       	Black=2} 1/2-1/2

[Event "Chinese League Division-A 2024"]
[Site "Fuling Chongqing"]
[Date "2024.06.28"]
[Round "3.2"]
[White "Xiu, Deshun"]
[Black "Lou, Yiping"]
[Result "1/2-1/2"]
[ECO "E11"]
[WhiteElo "2514"]
[BlackElo "2442"]
[Annotator "TA"]
[PlyCount "60"]
[EventDate "2024.06.28"]
[EventType "team-tourn"]
[EventCountry "CHN"]
[SourceTitle "playchess.com"]
[Source "ChessBase"]
[SourceQuality "1"]
[TimeControl "40/5400+30:1800+30"]

1. d4 Nf6 2. c4 e6 3. Nf3 d5 4. g3 Bb4+ 5. Bd2 Be7 6. Bg2 O-O 7. O-O c6 8. Qc2 Nbd7 9. Bg5 b6 10. Nbd2 h6 11. Bxf6 Bxf6 {[%emt 0:00:14] The position is equal.} 12. e4 Bb7 13. Rac1 Rc8 14. e5 Be7 15. cxd5 cxd5 16. Qb1 Ba6 17. Rxc8 Qxc8 18. Rc1 Qb7 19. b4 {[%emt 0:02:17] [#] b5 would now be deadly.} Rc8 20. Rxc8+ Qxc8 21. b5 Bb7 22. Qb2 a6 23. Bf1 axb5 24. Bxb5 Nb8 25. h4 Ba6 26. Ba4 Qc7 27. Bc2 Qc6 28. Bb1 Nd7 29. Kg2 Kf8 30. Ne1 Ke8 {[%emt 0:02:12] Weighted Error Value: White=0.06 (flawless) /Black=0.05 (flawless) .  Inaccurate:     	White=1     	Black=1      OK:         	White=11    	Black=10} 1/2-1/2

[Event "Chinese League Division-A 2024"]
[Site "Fuling Chongqing"]
[Date "2024.06.28"]
[Round "3.3"]
[White "Meng, Yihan"]
[Black "Zhang, Di"]
[Result "1/2-1/2"]
[ECO "B27"]
[WhiteElo "2268"]
[BlackElo "2362"]
[Annotator "RC"]
[PlyCount "146"]
[EventDate "2024.06.28"]
[EventType "team-tourn"]
[EventCountry "CHN"]
[SourceTitle "playchess.com"]
[Source "ChessBase"]
[SourceQuality "1"]
[TimeControl "40/5400+30:1800+30"]

1. e4 c5 2. Nf3 g6 3. c3 d5 4. e5 a6 5. d4 Nc6 6. Be2 Bg7 7. O-O f6 8. Bf4 Qb6 9. Qd2 cxd4 10. cxd4 g5 11. Be3 g4 12. Nc3 gxf3 13. Nxd5 Qd8 14. Bxf3 e6 15. Nb6 Qxb6 16. d5 Qa5 17. dxc6 Qxd2 18. Bxd2 b6 19. Bh5+ Kd8 20. Rfd1 Kc7 21. Bb4 Kb8 22. c7+ Ka7 23. Bf3 fxe5 24. Rd6 a5 25. Bd2 e4 26. Bxe4 Be5 27. Rd8 Bxc7 28. Rf8 Bb7 29. Rf7 Bxe4 30. Rxc7+ Ka6 31. Bc3 Nh6 32. Bxh8 Rxh8 33. f3 Bd5 34. a3 Nf5 35. Kf2 h5 36. Rac1 Kb5 37. Rc8 Rh6 38. Rb8 Rh7 39. Rcc8 h4 40. Rh8 Rc7 41. Rbc8 Ra7 42. Rb8 Kc5 43. Rbc8+ Kd4 44. g3 hxg3+ 45. hxg3 b5 46. Rb8 Nd6 47. Rhd8 Nc4 48. g4 Ne5 49. Rxb5 Rf7 50. Rxa5 Rxf3+ 51. Ke2 Rg3 52. Ra4+ Nc4 53. Rb4 Ke5 54. Rf8 Re3+ 55. Kf2 Rd3 56. g5 Rd2+ 57. Kg3 Nd6 58. Kg4 Rg2+ 59. Kh5 Be4 60. Rf1 Bf5 61. Re1+ Ne4 62. Rb5+ Kf4 63. Rf1+ Ke3 64. Rfxf5 exf5 65. Rxf5 Ng3+ 66. Kg6 Nxf5 67. Kxf5 Kd4 68. g6 Kd5 69. Kf6 Rf2+ 70. Ke7 Rg2 71. Kf7 Kd6 72. g7 Rf2+ 73. Ke8 Ke5 1/2-1/2

[Event "Chinese League Division-A 2024"]
[Site "Fuling Chongqing"]
[Date "2024.06.28"]
[Round "3.4"]
[White "Li, Ruofan"]
[Black "Zhang, Xiaowen"]
[Result "1/2-1/2"]
[ECO "E04"]
[WhiteElo "2321"]
[BlackElo "2261"]
[Annotator "RC"]
[PlyCount "89"]
[EventDate "2024.06.28"]
[EventType "team-tourn"]
[EventCountry "CHN"]
[SourceTitle "playchess.com"]
[Source "ChessBase"]
[SourceQuality "1"]
[TimeControl "40/5400+30:1800+30"]

1. Nf3 Nf6 2. g3 d5 3. Bg2 c5 4. O-O Nc6 5. d4 e6 6. c4 dxc4 7. dxc5 Qxd1 8. Rxd1 Bxc5 9. Nbd2 c3 10. bxc3 O-O 11. Bb2 Bd7 12. Nb3 Be7 13. c4 Rfd8 14. Nfd4 Rac8 15. Nb5 b6 16. Nd6 Bxd6 17. Rxd6 Be8 18. Rxd8 Nxd8 19. Rc1 Bc6 20. f3 Bb7 21. c5 Nd7 22. cxb6 Rxc1+ 23. Bxc1 axb6 24. e4 e5 25. Bf1 Bc6 26. Kf2 Nb7 27. Ba3 Ndc5 28. Nxc5 Nxc5 29. Bc4 Kf8 30. Ke3 Ke7 31. Bb4 f6 32. h4 Kd7 33. Bg8 h6 34. Bc4 Kd6 35. Bf1 Kc7 36. Bc4 Kd6 37. Kd2 Kd7 38. Bf1 Kd6 39. Kc3 Ba4 40. Bc4 Bd1 41. f4 Kc6 42. Bd5+ Kb5 43. Bc4+ Kc6 44. Bd5+ Kb5 45. Bc4+ 1/2-1/2

[Event "Chinese League Division-A 2024"]
[Site "Fuling Chongqing"]
[Date "2024.06.28"]
[Round "3.5"]
[White "Ju, Wenjun"]
[Black "Wang, Yu A."]
[Result "1/2-1/2"]
[ECO "C10"]
[WhiteElo "2558"]
[BlackElo "2234"]
[Annotator "TA"]
[PlyCount "158"]
[EventDate "2024.06.28"]
[EventType "team-tourn"]
[EventCountry "CHN"]
[SourceTitle "playchess.com"]
[Source "ChessBase"]
[SourceQuality "1"]
[TimeControl "40/5400+30:1800+30"]

1. d4 e6 2. e4 d5 3. Nc3 dxe4 4. Nxe4 Bd7 5. Nf3 Bc6 6. Bd3 Nd7 7. Qe2 Ngf6 8. Nxf6+ Nxf6 {[%emt 0:09:29] C10: French with 3 Nc3: Unusual Black 3rd moves and 3...dxe4.} 9. O-O Bxf3 10. Qxf3 Qd5 11. Be2 Qxf3 12. Bxf3 O-O-O 13. Rd1 Bd6 $146 ({Predecessor:} 13... Nd5 14. g3 Be7 15. Rb1 a6 16. Kg2 Nb6 17. c3 c5 18. dxc5 Rxd1 19. Bxd1 Bxc5 {½-½ Sanchez,J (2168)-Akrill,H WLS/SRCCC/21/D3 2021}) 14. c4 c5 15. Be3 b6 16. a3 e5 17. dxc5 Bxc5 18. Bxc5 bxc5 19. b4 Rxd1+ 20. Bxd1 Kc7 21. Ba4 Rb8 22. Bb5 a6 23. Bxa6 cxb4 24. axb4 Rxb4 25. Bb5 Ne4 26. f3 Nd6 27. Ra7+ Kb6 28. Rd7 Rb1+ 29. Kf2 Rd1 30. Re7 Rd2+ 31. Kf1 Rb2 32. Rxe5 Nxb5 33. cxb5 ({Don't play} 33. Rxb5+ Rxb5 34. cxb5 Kxb5 $15) 33... Rxb5 34. Re7 Rf5 $1 35. Kf2 Kc6 36. g4 Kd6 37. Re8 Ra5 38. Rg8 g6 39. Rg7 Ke6 40. Rxh7 Kf6 41. h4 Ra8 42. Kg3 Rb8 43. g5+ Ke6 44. Kg4 Rb4+ 45. f4 Rb1 46. h5 gxh5+ 47. Rxh5 Rg1+ 48. Kf3 Rf1+ 49. Kg3 Rg1+ 50. Kf2 Ra1 51. Rh6+ Ke7 52. Kf3 Kf8 53. Rd6 Kg7 54. Kg4 Ra4 55. Rd8 Rb4 56. Re8 Ra4 57. Kf5 Ra5+ 58. Re5 Ra4 59. Re4 Ra5+ 60. Re5 Ra4 61. Rd5 Ra1 62. Ke5 Re1+ 63. Kf5 Ra1 64. Rd7 Ra5+ 65. Ke4 Ra4+ 66. Kf3 Ra1 67. f5 Rf1+ 68. Ke4 Re1+ 69. Kf4 Rf1+ 70. Ke5 Re1+ $1 71. Kd6 Rf1 72. f6+ (72. Ke5 $5 Re1+ $8 73. Kf4 Rf1+ 74. Kg4 Rg1+ 75. Kf4 Rf1+ $11) 72... Kg6 73. Ke7 Ra1 74. Rd8 Ra7+ 75. Kf8 Ra5 76. Rd7 Ra8+ 77. Ke7 Ra5 78. Kf8 Ra8+ 79. Ke7 Ra5 1/2-1/2

[Event "Chinese League Division-A 2024"]
[Site "Fuling Chongqing"]
[Date "2024.06.28"]
[Round "3.6"]
[White "Huang, Renjie"]
[Black "Wan, Yunguo"]
[Result "1-0"]
[ECO "B45"]
[WhiteElo "2480"]
[BlackElo "2498"]
[Annotator "TA"]
[PlyCount "103"]
[EventDate "2024.06.28"]
[EventType "team-tourn"]
[EventCountry "CHN"]
[SourceTitle "playchess.com"]
[Source "ChessBase"]
[SourceQuality "1"]
[TimeControl "40/5400+30:1800+30"]

1. e4 c5 2. Nf3 e6 3. d4 cxd4 4. Nxd4 Nf6 5. Nc3 Nc6 6. Be2 Bb4 7. O-O Bxc3 8. bxc3 Nxe4 9. Nxc6 dxc6 10. Bd3 Nc5 (10... Nxc3 11. Qg4 O-O 12. Bh6) 11. Qg4 {[%emt 0:00:09] The position is equal.} Qf6 12. Bg5 Qxc3 {[%emt 0:01:06][%cal Oe6e5] Black wants to play ...e5!} 13. Rad1 h6 14. Qh5 {[%emt 0:22:37] [#]} (14. Be3 $11 {keeps the balance.} O-O 15. Bxh6) 14... g6 (14... hxg5 $2 15. Qxh8+ Ke7 16. Bh7 $18) (14... b6 $1 $17) 15. Bd2 $11 gxh5 16. Bxc3 Rg8 17. Be2 $40 {[%emt 0:01:59][%mdl 128] Black needs to defend precisely.} b6 18. Bxh5 Ba6 19. Rfe1 Ke7 20. Rd4 $1 {[%emt 0:01:47][%mdl 1024] White has compensation.} f6 21. Bf3 Rad8 22. Rh4 Rg6 23. Bb4 {[%emt 0:00:26] This pair of bishops is nice.} (23. Bxc6 Rc8 24. Bd5 Bb7 25. Bxb7 Nxb7 26. Bb4+ Kf7) 23... Bb5 {[%emt 0:08:03] [#]} ({Black should play} 23... Bc8 $14) 24. a4 $1 $16 Ba6 25. Be4 Rg7 26. Rxh6 Bc4 27. Bxc6 (27. Bxc5+ bxc5 28. Bxc6 Rd2) 27... Bd5 28. Bc3 Bxc6 {[%emt 0:04:48] A mistake that costs the game.} (28... Rxg2+ $16 {was called for.} 29. Kf1 Rdg8 (29... Bxc6 $2 {loses.} 30. Bxf6+ Kd7 31. Rd1+ Bd5 32. Bxd8 $18) 30. Bxd5 (30. Bxf6+ Kd6 $18) 30... Rg1+ 31. Ke2 Rxe1+ 32. Kxe1 exd5) 29. Bxf6+ $18 (29. Rxf6 $2 {is the wrong capture.} Rxg2+ 30. Kf1 Rxh2 $19 (30... Nxa4 $2 31. Rexe6+ Kd7 32. Rxc6 $18)) 29... Kf7 30. Bxd8 {[%emt 0:00:24][%cal Of2f3] f3! would now be deadly.} Rxg2+ 31. Kf1 Rg8 32. Bh4 Bxa4 {[%emt 0:00:25] ...Bb5+ is the strong threat.} 33. Rh7+ Kg6 34. Rxa7 Bxc2 35. Re3 {[%emt 0:01:10] Strongly threatening Rg3+.} Rh8 36. Bg3 Rd8 37. Ra1 Rd7 38. h4 Bf5 39. Bf4 Kh5 (39... b5 {was worth a try.} 40. Ra5 Bd3+ 41. Kg2 Bc4 42. Rg3+ Kh7) 40. Kg2 b5 (40... Rd4 $142) 41. Rg3 Ne4 {[%emt 0:03:42] Inhibits Rg5+.} 42. Rg8 {[%emt 0:00:07] Black must now prevent f3.} Bh7 43. Rb8 Nc3 44. Re1 Bf5 (44... Rf7 45. Rh8 Rxf4 46. Rxh7+ Kg6) 45. Rg8 {[%emt 0:02:13] White is clearly winning.} Ne4 {[%emt 0:00:45] Against Rg5+} 46. f3 Bh7 47. Rh8 e5 48. Rxe4 exf4 49. Rxf4 Kh6 50. Rb8 Bd3 51. Rg4 Rf7 52. Rd8 {[%emt 0:00:41] Weighted Error Value: White=0.12 (very precise) /Black=0.23 (precise) .  Mistake:       	White=1     	Black=6      Inaccurate:     	White=2     	Black=3      OK:         	White=16    	Black=18     Best:        	White=8     	Black=1      Strong:       	White=1     	---        Brilliant:      	White=1     	---} 1-0

[Event "Chinese League Division-A 2024"]
[Site "Fuling Chongqing"]
[Date "2024.06.28"]
[Round "3.7"]
[White "Nie, Xinyang"]
[Black "Xiao, Tong"]
[Result "1/2-1/2"]
[ECO "A46"]
[WhiteElo "2395"]
[BlackElo "2518"]
[Annotator "TA"]
[PlyCount "61"]
[EventDate "2024.06.28"]
[EventType "team-tourn"]
[EventCountry "CHN"]
[SourceTitle "playchess.com"]
[Source "ChessBase"]
[SourceQuality "1"]
[TimeControl "40/5400+30:1800+30"]

1. d4 Nf6 2. Nf3 e6 3. Bf4 h6 4. h3 d5 5. e3 Bd6 6. Bxd6 Qxd6 7. c4 dxc4 8. Bxc4 a6 9. O-O O-O 10. Nbd2 Nbd7 11. Be2 b6 12. Nc4 Qe7 13. Nfe5 Bb7 14. Bf3 Nxe5 {[%emt 0:02:34] The position is equal.} 15. Nxe5 c5 16. Rc1 Rad8 17. Bxb7 Qxb7 18. Qf3 Qxf3 19. Nxf3 Ne4 20. dxc5 Nxc5 21. b4 Nd3 22. Rc6 Nxb4 23. Rxb6 Nxa2 24. Rxa6 Nc3 25. Rfa1 Rd5 26. Rc6 Ne4 27. Rc4 Nd2 28. Nxd2 Rxd2 29. Rca4 Rfd8 30. Ra8 Rxa8 31. Rxa8+ {[%emt 0:00:55] Weighted Error Value: White=0.04 (flawless) /Black=0.03 (flawless) .  OK:         	White=10    	Black=16} 1/2-1/2

[Event "Chinese League Division-A 2024"]
[Site "Fuling Chongqing"]
[Date "2024.06.28"]
[Round "3.8"]
[White "Liu, Qingnan"]
[Black "Peng, Xiongjian"]
[Result "1-0"]
[ECO "C50"]
[WhiteElo "2540"]
[BlackElo "2521"]
[Annotator "TA"]
[PlyCount "73"]
[EventDate "2024.06.28"]
[EventType "team-tourn"]
[EventCountry "CHN"]
[SourceTitle "playchess.com"]
[Source "ChessBase"]
[SourceQuality "1"]
[TimeControl "40/5400+30:1800+30"]

1. e4 e5 2. Nf3 Nc6 3. Bc4 d6 4. O-O Be7 5. c3 Bg4 6. Qb3 (6. d3 $14) 6... Na5 ({Black should try} 6... Bxf3 $11 7. Bxf7+ (7. gxf3 Bg5 $16) 7... Kf8) 7. Bxf7+ $14 Kf8 8. Qa4 {[%emt 0:00:13] White is slightly better.} (8. Qd5 c6 9. Qd3 Kxf7 $15) 8... Nh6 9. Qxa5 (9. Bd5 $6 c6 $11) 9... Nxf7 10. d4 Bxf3 11. gxf3 Qd7 12. Kg2 Bg5 (12... h6 $11) 13. Be3 $16 Re8 14. Nd2 Re6 15. Rg1 a6 16. Kh1 h6 17. Qb4 Qb5 18. Qxb5 axb5 19. a4 bxa4 20. Rxa4 Ke7 21. Ra7 Rb8 22. Nc4 Rf6 23. Rg3 g6 24. Bxg5 hxg5 (24... Nxg5 $16 {keeps fighting.} 25. dxe5 Rxf3) 25. Kg2 Kd7 26. Rh3 (26. dxe5 $18 dxe5 27. Rh3) 26... exd4 27. cxd4 {[%emt 0:00:11][%cal Bc3d4,Bd4d5][%mdl 32] Hoping for Ne3.} g4 28. Rh7 $36 {[%emt 0:10:19][%mdl 2048] Keeping Black busy.} (28. fxg4 $6 Ng5 29. Rc3 Nxe4 $14) 28... Rxf3 29. Ne3 {[%emt 0:07:23] White is much more active.} Rf8 (29... Kc6 $16 {was called for.}) 30. Nxg4 $18 ({Don't play} 30. Rxb7 $6 Kc8 31. Ra7 (31. Nxg4 $2 {loses.} Kxb7 32. Kxf3 Ng5+ 33. Ke3 Nxh7 $19) 31... Kb8 $16) 30... Rb3 31. d5 {[%emt 0:05:52] aiming for e5.} Rb4 32. h3 Ke7 33. e5 Rh8 {[%emt 0:00:25] [#]} 34. Rxh8 Nxh8 35. Ra8 Nf7 36. e6 Ne5 (36... Nd8 37. Rc8 Rc4) 37. Nh6 {[%emt 0:00:05] Weighted Error Value: White=0.09 (flawless) /Black=0.19 (very precise) .  Mistake:       	White=1     	Black=5      Inaccurate:     	White=1     	Black=2      OK:         	White=15    	Black=8      Best:        	White=2     	Black=4} 1-0